 Dungeon Crawl Stone Soup version 0.21.0-3-g78d12a8 (webtiles) character file.

221 komo4ek the Cutter (level 5, 0/41 HPs)
             Began as a Demonspawn Gladiator on Jan 9, 2018.
             Killed from afar by an orc wizard (8 damage)
             ... with a magic dart
             ... on level 4 of the Dungeon.
             The game lasted 00:06:05 (2529 turns).

komo4ek the Cutter (Demonspawn Gladiator)           Turns: 2529, Time: 00:06:06

Health: 0/41       AC:  7    Str: 14    XL:     5   Next: 65%
Magic:  5/5        EV: 13    Int:  9    God:
Gold:   184        SH:  0    Dex: 16    Spells: 4/4 levels left

rFire    . . .     SeeInvis .   a - +0 rapier
rCold    + . .     Gourm    .   (no shield)
rNeg     + . .     Faith    .   m - +0 ring mail
rPois    .         Spirit   .   c - +0 helmet
rElec    .         Reflect  .   l - +0 cloak
rCorr    .         Harm     .   (no gloves)
MR       .....                  (no boots)
Stlth    ..........             (no amulet)
HPRegen  0.13/turn              q - ring of positive energy
MPRegen  0.09/turn              r - ring of loudness (curse)

@: no status effects
A: cold resistance 1, spiny 1, sturdy frame 1
a: no special abilities


You were on level 4 of the Dungeon.
You were not hungry.

You visited 1 branch of the dungeon, and saw 4 of its levels.

You collected 184 gold pieces.

Inventory:

Hand Weapons
 a - a +0 rapier (weapon)
Missiles
 d - 4 throwing nets (quivered)
Armour
 b - a +0 leather armour
 c - a +0 helmet (worn)
 l - a +0 cloak (worn)
 m - a +0 ring mail (worn)
Jewellery
 o - a cursed ring of teleportation {unknown}
 q - a ring of positive energy (left hand)
 r - a cursed ring of loudness (right hand)
 s - a +2 ring of dexterity {unknown}
Scrolls
 e - a scroll of remove curse {unknown}
 h - 2 scrolls of teleportation
 j - 2 scrolls of amnesia
 n - a scroll of identify
 p - 4 scrolls of fear
Potions
 g - 6 potions of curing {unknown}
 i - a potion of agility {unknown}
 k - a potion of magic {unknown}
 t - 2 potions of mutation {unknown}
 u - a potion of might {unknown}
 v - 3 potions of haste {unknown}
Comestibles
 f - 9 rations


   Skills:
 + Level 3.3 Fighting
 * Level 4.6 Short Blades
 - Level 1.7 Throwing
 + Level 3.7 Dodging


You had 4 spell levels left.
You didn't know any spells.

Dungeon Overview and Level Annotations

Branches:
Dungeon (4/15)
 Temple: D:4-7

Altars:
Cheibriados
Xom


Innate Abilities, Weirdness & Mutations

Your flesh is cold resistant. (rC+)
You are partially covered in sharp spines.
Your movements are slightly less encumbered by armour. (ER -2)


Message History

Beogh smites you!
* * * LOW HITPOINT WARNING * * *
The orc priest is struck by your spines.
The orc priest hits you but does no damage.
Things that are here:
a mace; a chain mail You closely miss the orc priest.
The orc priest is heavily wounded.
The orc priest is struck by your spines.
The orc priest closely misses you.
You puncture the orc priest!
You kill the orc priest!
You hit the orc.
The orc is severely wounded.
The orc is struck by your spines.
You kill the orc!
You completely miss the orc wizard.
The orc wizard points at you and mumbles some strange words.
The magic dart hits you!
You die...

#.## #..## ###...####..#
..........#.#
............#
......).<....
#####........
####........
##############...........
.......o@....#.#.........
o.....######.._..........
##... ###.#.#(...... #..
#...##.....# ..$
############ ##


You could see an orc wizard.

Vanquished Creatures
  An orc priest (D:4)
  An orc wizard (D:3)
  3 gnolls (D:3)
  4 adders
  An ooze (D:1)
  2 worms
  2 dart slugs (D:2)
  4 leopard geckos
  9 orcs
  2 giant cockroaches (D:2)
  12 goblins
  9 hobgoblins
  5 bats
  8 frilled lizards
  7 kobolds
  5 rats
75 creatures vanquished.

Notes
Turn   | Place    | Note
-------+----------+-------------------------------------------
     0 | D:1      | komo4ek the Demonspawn Gladiator began the quest for the Orb.
     0 | D:1      | Reached XP level 1. HP: 16/16 MP: 1/1
   120 | D:1      | Reached skill level 3 in Short Blades
   286 | D:1      | Gained mutation: You are partially covered in sharp spines. [demonic ancestry]
   286 | D:1      | Reached XP level 2. HP: 22/22 MP: 2/2
   860 | D:2      | Reached XP level 3. HP: 25/28 MP: 3/3
   939 | D:2      | Found a faded altar of an unknown god.
  1198 | D:2      | Gained mutation: Your movements are slightly less encumbered by armour. (ER -2) [demonic ancestry]
  1198 | D:2      | Reached XP level 4. HP: 34/34 MP: 4/4
  1696 | D:3      | Found a snail-covered altar of Cheibriados.
  1925 | D:3      | Reached skill level 4 in Short Blades
  2023 | D:3      | Gained mutation: Your flesh is cold resistant. (rC+) [demonic ancestry]
  2023 | D:3      | Reached XP level 5. HP: 41/41 MP: 5/5
  2477 | D:4      | Found a shimmering altar of Xom.
  2529 | D:4      | Killed from afar by an orc wizard

Skill      XL: |  1  2  3  4 |
---------------+-------------+-----
Short Blades   | 3 4 |  4.6
Dodging        | 3 |  3.7
Fighting       | 3 |  3.3
Throwing       | |  1.7

Action                   |  1- 3 |  4- 6 || total
-------------------------+-------+-------++-------
Melee: Rapier            |    92 |    77 ||   169
  Use: Scroll            |       |     6 ||     6
  Eat: Ration            |     1 |     1 ||     2
Armor: Leather armour    |    23 |       ||    23
       Ring mail         |     8 |    21 ||    29
Dodge: Dodged            |    50 |    45 ||    95
